 Dungeon Crawl Stone Soup version 0.29-a0-575-g0dc89cf053 (webtiles) character file.

Game seed: 15034889171037374212

265 DocClef the Covert (level 6, -4/53 HPs)
             Began as a Gnoll Delver on June 12, 2022.
             Slain by a gnoll sergeant
             ... wielding a +0 spear
              (7 damage)
             ... on level 5 of the Dungeon.
             The game lasted 00:05:18 (3681 turns).

DocClef the Covert (Gnoll Delver)                   Turns: 3681, Time: 00:05:20

Health: -4/53      AC:  8    Str: 11    XL:     6   Next: 20%
Magic:  8/8        EV: 13    Int: 10    God:
Gold:   308        SH:  0    Dex: 15    Spells: 8/8 levels left

rFire   . . .      SeeInvis .   a - +0 short sword
rCold   + . .      Faith    .   (no shield)
rNeg    . . .      Spirit   .   b - +0 leather armour
rPois   .          Reflect  .   (helmet restricted)
rElec   .          Harm     .   v - +0 cloak
rCorr   +          Rampage  .   (no gloves)
Will    .....                   (no boots)
Stlth   ++++......              (no amulet)
HPRegen 0.17/turn               q - ring of resist corrosion
MPRegen 0.11/turn               B - +4 ring of protection

@: attractive
A: fangs 1, strong nose, distributed training, horns 1, cold resistance 1, noise
suppression
a: no special abilities


You were on level 5 of the Dungeon.
You visited 1 branch of the dungeon, and saw 5 of its levels.

You collected 308 gold pieces.

Inventory:

Hand Weapons
 a - a +0 short sword (weapon)
Missiles
 E - 3 curare-tipped darts (quivered)
Armour
 b - a +0 leather armour (worn)
 v - a +0 cloak (worn)
Jewellery
 q - a ring of resist corrosion (left hand)
 w - an amulet of faith
 y - a ring of positive energy
 A - a ring of wizardry
 B - a +4 ring of protection (right hand)
 C - a ring of protection from fire
 F - a ring of ice
Wands
 g - a wand of digging (3)
 u - a wand of flame (20)
Scrolls
 c - 2 scrolls of fog
 d - a scroll of magic mapping
 e - 3 scrolls of fear
 h - 5 scrolls of identify {unknown}
 i - 2 scrolls of vulnerability {unknown}
 j - 6 scrolls of teleportation {unknown}
 p - a scroll of noise {unknown}
 x - 2 scrolls of enchant weapon {unknown}
 D - a scroll of silence {unknown}
Potions
 f - a potion of haste
 k - 4 potions of curing
 n - a potion of attraction
 o - a potion of mutation
 t - a potion of heal wounds {unknown}
 z - a potion of lignification {unknown}


   Skills:
 + Level 6.8 Fighting
 + Level 4.9 Short Blades
 + Level 1.8 Long Blades
 + Level 1.8 Axes
 + Level 1.8 Maces & Flails
 + Level 1.8 Polearms
 + Level 1.8 Staves
 + Level 1.8 Slings
 + Level 1.8 Bows
 + Level 1.8 Crossbows
 + Level 1.8 Throwing
 + Level 1.8 Armour
 + Level 4.9 Dodging
 + Level 9.7 Stealth
 + Level 1.8 Shields
 + Level 1.8 Unarmed Combat
 + Level 1.8 Spellcasting
 + Level 1.4 Conjurations
 + Level 1.4 Hexes
 + Level 1.4 Summonings
 + Level 1.4 Necromancy
 + Level 1.4 Translocations
 + Level 1.4 Transmutations
 + Level 1.4 Fire Magic
 + Level 1.4 Ice Magic
 + Level 1.4 Air Magic
 + Level 1.4 Earth Magic
 + Level 1.4 Poison Magic
 + Level 2.0 Invocations
 + Level 1.8 Evocations


You had 8 spell levels left.
You didn't know any spells.
Your spell library contained the following spells:

 Spells                   Type           Power      Damage    Failure   Level
 Foxfire                  Conj/Fire      12%        2x1d4     22%         1
 Magic Dart               Conj           12%        1d3       22%         1
 Slow                     Hex            12%        N/A       22%         1
 Call Imp                 Summ           3%         N/A       34%         2
 Call Canine Familiar     Summ           3%         N/A       56%         3
 Confusing Touch          Hex            3%         N/A       56%         3
 Conjure Flame            Conj/Fire      3%         6-21      56%         3
 Ignite Poison            Fire/Tmut/Pois 3%         N/A       56%         3
 Inner Flame              Hex/Fire       3%         N/A       56%         3
 Mephitic Cloud           Conj/Pois/Air  3%         N/A       56%         3
 Portal Projectile        Hex/Tloc       6%         N/A       56%         3
 Vampiric Draining        Necr           3%         2d6       56%         3
 Flame Wave               Conj/Fire      3%         2d4       92%         4
 Leda's Liquefaction      Hex/Erth       1%         N/A       92%         4
 Sticky Flame             Conj/Fire      3%         2d3       92%         4


Dungeon Overview and Level Annotations

Branches:
Dungeon (5/15)
 Temple: D:4-7

Altars:
Kikubaaqudgha
Uskayaw


Innate Abilities, Weirdness & Mutations

You have very sharp teeth.
Your uncanny sense of smell can sniff out nearby items.
Your experience applies equally to all skills.
You have a pair of small horns on your head.
Your flesh is cold resistant. (rC+)
You passively dampen the noise of your surroundings.


Message History

The gnoll hits you from afar with a +0 spear.
The gnoll closely misses you.
You barely miss the gnoll sergeant.
The gnoll sergeant is lightly wounded.
The gnoll sergeant barely misses you. The gnoll hits you with a +0 whip.
The gnoll hits you from afar with a +0 spear.
You barely miss the gnoll sergeant.
The gnoll sergeant is lightly wounded.
The gnoll sergeant hits you with a +0 spear.
The gnoll barely misses you. The gnoll closely misses you.
You hit the gnoll sergeant.
The gnoll sergeant is lightly wounded.
The gnoll sergeant barely misses you. The gnoll hits you with a +0 whip.
The gnoll misses you.
It was a potion of attraction.
You feel attractive to monsters.
The gnoll sergeant hits you with a +0 spear.
The gnoll hits you from afar with a +0 spear.
* * * LOW HITPOINT WARNING * * *
The gnoll hits you but does no damage.
It was a potion of mutation.
You feel extremely strange.
You feel your surroundings grow quieter.
A pair of horns grows on your head!
You feel resistant to cold.
The gnoll sergeant hits you with a +0 spear.
* * * LOW HITPOINT WARNING * * *
The gnoll hits you with a +0 whip.
* * * LOW HITPOINT WARNING * * *
The gnoll hits you but does no damage.
You feel yourself speed up.
The gnoll sergeant hits you but does no damage.
The gnoll closely misses you. The gnoll misses you.
It was a potion of brilliance.
You feel clever all of a sudden.
It was a potion of cancellation.
Your magical effects are unravelling.
You feel magically purged.
You feel yourself slow down.
You feel a little less mighty now.
You feel a little less clever now.
The gnoll sergeant hits you with a +0 spear!
You die...

#.#.<##.....# 5###.. .
#......###.# .#..# #.. #
##.....###.# ...#..
.###........#.# #...
..#....#......# ##.####.#
....##....###.# ##5......#
..#...........###gh#..####
..####.######...gg###..# .
#.# #.#.@##?##.# . #.#
#.....+.# ... ...
#..#.##.# .#.? ... #..####
..####.. ..... #.##∆ [.o.∆
#. ... #. .J### ## .## .#
∆ [#


You could see a gnoll sergeant, a hound, 2 gnolls and an ufetubus.

Vanquished Creatures
  A black bear (D:5)
  Jessica (D:2)
  5 adders
  A dart slug (D:1)
  2 orcs
  11 ball pythons
  8 bats
  7 endoplasms
  4 giant cockroaches
  11 goblins
  12 hobgoblins
  7 jackals (D:3)
  4 quokkas
  2 frilled lizards
  8 kobolds
  9 rats
93 creatures vanquished.

Notes
Turn   | Place    | Note
-------+----------+-------------------------------------------
     0 | D:5      | Reached skill level 9 in Stealth
     0 | D:5      | DocClef the Gnoll Delver began the quest for the Orb.
     0 | D:5      | Reached XP level 1. HP: 23/23 MP: 1/1
    53 | D:4      | Reached XP level 2. HP: 19/29 MP: 2/2
   367 | D:4      | Reached XP level 3. HP: 32/35 MP: 3/3
   788 | D:3      | Found an ancient bone altar of Kikubaaqudgha.
   788 | D:3      | Found a hide-covered altar of Uskayaw.
   844 | D:3      | Reached skill level 1 in Invocations
  1005 | D:3      | Reached skill level 1 in Long Blades
  1005 | D:3      | Reached skill level 1 in Axes
  1005 | D:3      | Reached skill level 1 in Maces & Flails
  1005 | D:3      | Reached skill level 1 in Polearms
  1005 | D:3      | Reached skill level 1 in Staves
  1005 | D:3      | Reached skill level 1 in Slings
  1005 | D:3      | Reached skill level 1 in Bows
  1005 | D:3      | Reached skill level 1 in Crossbows
  1005 | D:3      | Reached skill level 1 in Throwing
  1005 | D:3      | Reached skill level 1 in Armour
  1005 | D:3      | Reached skill level 1 in Shields
  1005 | D:3      | Reached skill level 1 in Unarmed Combat
  1005 | D:3      | Reached skill level 1 in Spellcasting
  1005 | D:3      | Reached skill level 1 in Evocations
  1017 | D:3      | Reached XP level 4. HP: 23/41 MP: 5/5
  1673 | D:3      | Reached skill level 1 in Conjurations
  1673 | D:3      | Reached skill level 1 in Hexes
  1673 | D:3      | Reached skill level 1 in Summonings
  1673 | D:3      | Reached skill level 1 in Necromancy
  1673 | D:3      | Reached skill level 1 in Translocations
  1673 | D:3      | Reached skill level 1 in Transmutations
  1673 | D:3      | Reached skill level 1 in Fire Magic
  1673 | D:3      | Reached skill level 1 in Ice Magic
  1673 | D:3      | Reached skill level 1 in Air Magic
  1673 | D:3      | Reached skill level 1 in Earth Magic
  1673 | D:3      | Reached skill level 1 in Poison Magic
  2019 | D:2      | Noticed Jessica
  2033 | D:2      | Killed Jessica
  2034 | D:2      | Reached XP level 5. HP: 21/47 MP: 5/7
  3294 | D:1      | Found a faded altar of an unknown god.
  3640 | D:5      | Noticed a black bear
  3657 | D:5      | Killed a black bear
  3658 | D:5      | Reached XP level 6. HP: 47/53 MP: 8/8
  3678 | D:5      | Gained mutation: You passively dampen the noise of your
                  | surroundings. [potion of mutation]
  3678 | D:5      | Gained mutation: You have a pair of small horns on your
                  | head. [potion of mutation]
  3678 | D:5      | Gained mutation: Your flesh is cold resistant. (rC+)
                  | [potion of mutation]
  3681 | D:5      | Slain by a gnoll sergeant

Illustrated notes

Levels and vault maps discovered:
D:1:      tarquinn_simple_flora_water_d, layout_loops_ring,
          ebering_ecumenical_altar_webs
D:2:      layout_loops_ring, uniq_jessica
D:3:      layout_loops_cross, nicolae_overflow_hidden_temple,
          minmay_misc_feat_encased
D:4:      layout_loops_ring
D:5:      layout_loops_cross, mainiacjoe_overflow_concentric_impassable,
          serial_shops, nicolae_shop_window_shopping,
          minmay_fractal_squares_gapless_5

Skill      XL: |  1  2  3  4  5 |
---------------+----------------+-----
Stealth        | |  9.7
Invocations    | 1 2 |  2.0
Long Blades    | 1 |  1.8
Axes           | 1 |  1.8
Maces & Flails | 1 |  1.8
Polearms       | 1 |  1.8
Staves         | 1 |  1.8
Slings         | 1 |  1.8
Bows           | 1 |  1.8
Crossbows      | 1 |  1.8
Throwing       | 1 |  1.8
Armour         | 1 |  1.8
Shields        | 1 |  1.8
Unarmed Combat | 1 |  1.8
Spellcasting   | 1 |  1.8
Evocations     | 1 |  1.8
Conjurations   | 1 |  1.4
Hexes          | 1 |  1.4
Summonings     | 1 |  1.4
Necromancy     | 1 |  1.4
Translocations | 1 |  1.4
Transmutations | 1 |  1.4
Fire Magic     | 1 |  1.4
Ice Magic      | 1 |  1.4
Air Magic      | 1 |  1.4
Earth Magic    | 1 |  1.4
Poison Magic   | 1 |  1.4
Fighting       | |  6.8
Short Blades   | |  4.9
Dodging        | |  4.9

Action                   |  1- 3 |  4- 6 || total
-------------------------+-------+-------++-------
Melee: Short sword       |   100 |   169 ||   269
       Punch             |     3 |     3 ||     6
       Bite              |     4 |    11 ||    15
  Use: Potion            |       |     8 ||     8
 Stab: Sleeping          |     4 |    32 ||    36
       Distracted        |     1 |       ||     1
Armor: Leather armour    |    23 |    44 ||    67
Dodge: Dodged            |    56 |   108 ||   164

Table legend: (Time is in decaauts)
 A = Elapsed time spent in this place.
 B = Non-inter-level travel time spent in this place.
 C = Inter-level travel time spent in this place.
 D = Time resting spent in this place.
 E = Time spent auto-exploring this place.
 F = Levels seen in this place.
 G = Mean time per level.
                   A        B        C        D        E       F      G
               +--------+--------+--------+--------+--------+-----+--------+
         Total |   3643 |   3424 |    219 |     25 |   2655 |   5 |  728.6 |
       Dungeon |   3643 |   3424 |    219 |     25 |   2655 |   5 |  728.6 |
               +--------+--------+--------+--------+--------+-----+--------+

Top non-repeatable levels by time:
     D:3: 1071 daAuts
     D:2: 853 daAuts
     D:1: 817 daAuts
     D:4: 791 daAuts
     D:5: 110 daAuts
